 Dungeon Crawl Stone Soup version 0.20-a0-1020-g7b9e4fe (webtiles) character file.

12157 M4edhros the Eye of the Storm (level 11, -3/81 HPs)
             Began as an Octopode Artificer on Apr 17, 2017.
             Was a Priest of Qazlal.
             Slain by a vampire (6 damage)
             ... on level 11 of the Dungeon on Apr 18, 2017.
             The game lasted 00:31:55 (12061 turns).

M4edhros the Eye of the Storm (Octopode Artificer) Turns: 12061, Time: 00:31:56

Health: -3/81      AC:  1    Str: 10      XL:     11   Next: 89%
Magic:  6/18       EV: 20    Int: 14      God:    Qazlal [***...]
Gold:   671        SH:  4    Dex: 15 (17) Spells: 9/10 levels left

rFire    . . .     SeeInvis .   P - +5 spear "Ultimatum" {flame, rPois MR++ Str-2}
rCold    . . .     Gourm    .   (no shield)
rNeg     . . .     Faith    .   (helmet restricted)
rPois    +         Spirit   .   (no amulet)
rElec    .         Reflect  .   p - ring of protection from magic
rCorr    .         Harm     .   G - +2 ring of dexterity
MR       ++...                  S - ring of protection from magic
Stlth    ++........             (no ring)
Regen    0.3/turn               (no ring)
MPRegen  0.2/turn               (no ring)
                                (no ring)
                                (no ring)

@: vulnerable, very slightly contaminated, drained
A: almost no armour, stealthy swim, amphibious, 8 rings, constrict 8, camouflage
1, gelatinous body 1
a: Upheaval, Elemental Force, Renounce Religion


You were on level 11 of the Dungeon.
You worshipped Qazlal.
Qazlal was most pleased with you.
You were very hungry.

You visited 1 branch of the dungeon, and saw 11 of its levels.

You collected 671 gold pieces.

Inventory:

Hand Weapons
 h - a +1 mace of protection
 o - a +4 morningstar
 C - a +7 hunting sling
 P - the +5 spear "Ultimatum" (weapon) {flame, rPois MR++ Str-2}
   (You found it on level 10 of the Dungeon)

   It has been specially enchanted to burn those struck by it, causing extra
   injury to most foes and up to half again as much damage against particularly
   susceptible opponents.
   It affects your strength (-2).
   It protects you from poison.
   It affects your resistance to hostile enchantments.
Missiles
 g - 33 sling bullets
 B - 229 stones (quivered)
Jewellery
 a - an uncursed amulet of harm
 p - a ring of protection from magic (left tentacle)
 s - an uncursed amulet of faith
 G - a +2 ring of dexterity (right tentacle)
 S - a ring of protection from magic (on tentacle)
Wands
 b - a wand of flame (7/48)
 c - a wand of enslavement (0/24)
 d - a wand of random effects (0/48)
 r - a wand of iceblast (8/15)
 F - a wand of random effects (13/48)
 H - a wand of digging (8/24)
 Q - a wand of random effects (10/48)
 U - a wand of random effects (23/48)
Scrolls
 i - a scroll of teleportation
 j - a scroll of random uselessness
 k - 4 scrolls of immolation
 l - 5 scrolls of magic mapping
 q - 4 scrolls of amnesia
 t - 3 scrolls of enchant armour
 x - 5 scrolls of remove curse
 M - 2 scrolls of recharging
Potions
 m - a potion of curing
 z - a potion of flight
 D - 2 potions of magic
 E - a potion of haste {unknown}
 J - a potion of might {unknown}
 K - a potion of cancellation {unknown}
 L - 2 potions of brilliance {unknown}
 N - a potion of agility {unknown}
Books
 y - a book of Cantrips

   Spells                             Type                      Level
   a - Confusing Touch                Hexes                        1
   b - Animate Skeleton               Necromancy                   1
   c - Summon Small Mammal            Summoning                    1
   d - Apportation                    Translocation                1
 V - a book of Misfortune

   Spells                             Type                      Level
   a - Confusing Touch                Hexes                        1
   b - Confuse                        Hexes                        3
   c - Gell's Gravitas                Translocation                3
   d - Petrify                        Transmutation/Earth          4
   e - Metabolic Englaciation         Hexes/Ice                    5
   f - Yara's Violent Unravelling     Hexes/Transmutation          5
Comestibles
 f - 4 bread rations
 n - 3 meat rations
 v - 11 royal jellies
 A - 11 fruits


   Skills:
 + Level 9.8(9.5) Fighting
   Level 1.0(0.7) Short Blades
 - Level 4.6(4.3) Maces & Flails
 * Level 4.1(3.8) Polearms
 - Level 2.8(2.6) Slings
 + Level 10.2(9.9) Dodging
 - Level 3.3(3.0) Stealth
 + Level 10.6(10.3) Invocations
 - Level 3.2(3.0) Evocations


You had 9 spell levels left.
You knew the following spells:

 Your Spells              Type           Power        Failure   Level  Hunger
a - Animate Skeleton      Necr           N/A          30%         1    ##.....


Dungeon Overview and Level Annotations

Branches:
Dungeon (11/15)            Temple (0/1) D:6             Orc (0/2) D:9
   Lair: D:8-11

Altars:
Dithmenos
Elyvilon
Fedhas
Hepliaklqana
Okawaru
Qazlal
Vehumet
Zin
Jiyva

Shops:
D:4 =   D:7 [   D:9 (   D:10 :=(!=


Innate Abilities, Weirdness & Mutations

You cannot wear most types of armour.
You are very stealthy in the water. (Stealth+)
You are amphibious.
You can wear up to eight rings at the same time.
You can use your tentacles to constrict eight enemies at once.
Your skin changes colour to match your surroundings (Stealth+).
Your rubbery body absorbs attacks. (AC +1, EV +1)


Message History

Press: ? - help, Dir - move target cursor, f/p - worker ant
Aim: a worker ant (almost dead, encased in ice)
The ground shakes violently, spewing rubble!
The blast of rubble hits the worker ant.
You kill the worker ant!
Qazlal accepts your kill.
The blast of rubble hits the crocodile.
You kill the crocodile!
Qazlal accepts your kill. Something hits you!
* * * LOW HITPOINT WARNING * * *
You block something's attack.
Unknown command.
Aiming: Upheaval
Press: ? - help, Dir - move target cursor A storm cloud blasts the area with cutting wind!
Something hits you.
* * * LOW HITPOINT WARNING * * *
Something bites you.
You die...

#.#..................
#.#.#######.########. #...#
#.......###. ##### #.......'...
####.......#### #......#####
#......#######
###################§...........##
................@†§§J..........'.
#########################......##
######## ## .. #################
................#


You could see a jelly.

Vanquished Creatures
  3 two-headed ogres
  The ghost of SkyBlueFox the Changer, a novice DsTm (D:9)
  Pikel (D:7)
  An ugly thing (D:11)
  Joseph (D:7)
  Psyche (D:8)
  A gargoyle (D:10)
  A centaur skeleton (D:11)
  2 trolls (D:10)
  Grinder (D:6)
  5 yaks (D:8)
  A wyvern (D:8)
  4 killer bees
  A hungry ghost (D:9)
  Edmund (D:6)
  An acid dragon (D:11)
  Duvessa (D:7)
  8 ice beasts
  A sky beast (D:6)
  2 slaves (D:7)
  2 orc warriors
  A black bear (D:8)
  2 necrophages
  4 ogres
  A phantom (D:7)
  5 centaurs
  A crocodile (D:11)
  A big kobold (D:10)
  10 bullfrogs
  Dowan (D:7)
  5 scorpions
  5 wights
  6 howler monkeys
  8 crimson imps
  A centaur zombie (D:5)
  A bullfrog zombie (D:7)
  5 jellies
  8 hounds
  2 quasits
  A bullfrog skeleton (D:11)
  5 orc priests
  4 iguanas
  8 orc wizards
  5 worker ants
  2 hound zombies
  A worker ant zombie (D:5)
  Robin (D:4)
  11 adders
  3 shadow imps
  7 oozes
  2 adder skeletons
  3 dart slugs
  5 leopard geckos
  39 orcs
  7 giant cockroaches
  20 goblins
  7 hobgoblins
  15 jackals
  3 quokkas
  5 ball pythons
  8 bats
  7 frilled lizards
  10 kobolds
  A leopard gecko skeleton (D:7)
  4 rats
  2 butterflies (D:6)
293 creatures vanquished.

Vanquished Creatures (collateral kills)
  4 killer bees (D:6)
4 creatures vanquished.

Vanquished Creatures (others)
  2 slaves (D:7)
  A howler monkey (D:7)
  An orc wizard (D:7)
  A quokka (D:6)
  9 fungi (D:11)
  5 plants (D:11)
19 creatures vanquished.

Grand Total: 316 creatures vanquished

Notes
Turn   | Place    | Note
-------+----------+-------------------------------------------
     0 | D:1      | M4edhros the Octopode Artificer began the quest for the Orb.
     0 | D:1      | Reached XP level 1. HP: 13/13 MP: 3/3
   103 | D:1      | Reached XP level 2. HP: 16/18 MP: 4/4
   259 | D:2      | Found a stormy altar of Qazlal.
   267 | D:2      | Became a worshipper of Qazlal Stormbringer
   565 | D:1      | Reached XP level 3. HP: 20/23 MP: 5/5
   899 | D:2      | Reached * piety under Qazlal
  1035 | D:2      | Reached XP level 4. HP: 14/29 MP: 6/6
  1811 | D:3      | Reached skill level 1 in Invocations
  1812 | D:3      | Reached XP level 5. HP: 31/35 MP: 7/7
  2134 | D:3      | Found a faded altar of an unknown god.
  2264 | D:3      | Reached ** piety under Qazlal
  2484 | D:4      | Noticed Robin
  2852 | D:4      | Killed Robin
  2852 | D:4      | Reached XP level 6. HP: 41/42 MP: 8/8
  3212 | D:4      | Found Iwiumm's Jewellery Shoppe.
  3438 | D:5      | Entered Level 5 of the Dungeon
  3496 | D:5      | Noticed an ice beast
  3503 | D:5      | Killed an ice beast
  3512 | D:5      | Reached XP level 7. HP: 37/48 MP: 9/9
  3866 | D:5      | Reached skill level 5 in Dodging
  3939 | D:5      | Reached *** piety under Qazlal
  4141 | D:5      | Upgraded the game from 0.20-a0-1018-ge435b50 to 0.20-a0-1020-g7b9e4fe
  4458 | D:6      | Reached skill level 5 in Fighting
  4458 | D:6      | Reached skill level 5 in Invocations
  4458 | D:6      | Reached XP level 8. HP: 41/55 MP: 11/11
  4499 | D:6      | Found a glowing silver altar of Zin.
  4502 | D:6      | Found a radiant altar of Vehumet.
  4510 | D:6      | Found a shadowy altar of Dithmenos.
  4513 | D:6      | Found an iron altar of Okawaru.
  4743 | D:6      | Found a staircase to the Ecumenical Temple.
  4778 | D:6      | Noticed Edmund
  4792 | D:6      | Killed Edmund
  4822 | D:6      | Gained mutation: Your flesh is cold resistant. (rC+) [mutagenic meat]
  4823 | D:6      | Gained mutation: Potions are less effective at restoring your health. [mutagenic meat]
  4824 | D:6      | Lost mutation: Your flesh is cold resistant. (rC+) [mutagenic meat]
  4825 | D:6      | Gained mutation: You are frail. (-10% HP) [mutagenic meat]
  4826 | D:6      | Gained mutation: You passively map a small area around you. [mutagenic meat]
  4873 | D:6      | Noticed Grinder
  4883 | D:6      | Killed Grinder
  4910 | D:6      | Found a white marble altar of Elyvilon.
  4977 | D:6      | Reached XP level 9. HP: 29/55 MP: 13/13
  5553 | D:7      | Lost mutation: You are frail. (-10% HP) [potion of mutation]
  5553 | D:7      | Lost mutation: Potions are less effective at restoring your health. [potion of mutation]
  5553 | D:7      | Lost mutation: You passively map a small area around you. [potion of mutation]
  5553 | D:7      | Gained mutation: You are frail. (-10% HP) [potion of mutation]
  5553 | D:7      | Gained mutation: You are partially covered in molten scales. (AC +2) [potion of mutation]
  5554 | D:7      | Lost mutation: You are frail. (-10% HP) [potion of mutation]
  5554 | D:7      | Gained mutation: Your mind is acute. (Int +2) [potion of mutation]
  5554 | D:7      | Gained mutation: Your muscles are strong. (Str +2) [potion of mutation]
  5555 | D:7      | Lost mutation: Your mind is acute. (Int +2) [potion of mutation]
  5555 | D:7      | Lost mutation: Your muscles are strong. (Str +2) [potion of mutation]
  5555 | D:7      | Lost mutation: You are partially covered in molten scales. (AC +2) [potion of mutation]
  5555 | D:7      | Gained mutation: You are weak. (Str -2) [potion of mutation]
  5555 | D:7      | Lost mutation: You are weak. (Str -2) [potion of mutation]
  5743 | D:7      | Noticed Pikel
  5755 | D:6      | Reached **** piety under Qazlal
  5793 | D:7      | Found Biuguel's Armour Emporium.
  5908 | D:7      | Killed Pikel
  5950 | D:7      | Noticed Joseph
  5970 | D:7      | Noticed Duvessa
  5973 | D:7      | Noticed Dowan
  6198 | D:7      | Killed Duvessa
  6200 | D:7      | Killed Dowan
  6494 | D:8      | Reached XP level 10. HP: 72/72 MP: 16/16
  6609 | D:7      | HP: 2/71 [Joseph/uncursed quarterstaff (20)]
  6611 | D:7      | Killed Joseph
  6773 | D:7      | Reached skill level 1 in Slings
  6943 | D:7      | Found a blossoming altar of Fedhas.
  7740 | D:8      | Noticed Psyche
  7748 | D:8      | Killed Psyche
  7787 | D:8      | Learned a level 1 spell: Animate Skeleton
  8241 | D:9      | Noticed a two-headed ogre
  8309 | D:8      | Reached skill level 1 in Maces & Flails
  8948 | D:9      | Reached ***** piety under Qazlal
  8986 | D:9      | Noticed a two-headed ogre
  8990 | D:9      | Killed a two-headed ogre
  8990 | D:9      | Reached XP level 11. HP: 44/80 MP: 18/18
  9007 | D:9      | Found a staircase to the Orcish Mines.
  9325 | D:9      | Noticed SkyBlueFox's ghost (novice DsTm)
  9354 | D:9      | Killed SkyBlueFox's ghost
  9379 | D:9      | Found Dekkelum's Weapon Shoppe.
  9517 | D:9      | Killed a two-headed ogre
  9517 | D:9      | Reached skill level 10 in Invocations
  9559 | D:9      | Found a viscous altar of Jiyva.
  9591 | D:9      | Found a hazy altar of Hepliaklqana.
  9735 | D:10     | Entered Level 10 of the Dungeon
  9735 | D:10     | Found Xayxux's Distillery.
  9735 | D:10     | Found Cucko's Antique Weapon Shop.
  9742 | D:10     | Found Plog's Jewellery Shop.
  9743 | D:10     | Found Jompefoa's Book Emporium.
  9793 | D:10     | Got a polished spear
  9794 | D:10     | Identified the +5 spear "Ultimatum" {flame, rPois MR++ Str-2} (You found it on level 10 of the Dungeon)
  9838 | D:10     | Found Noimmysaocs's Jewellery Emporium.
 10165 | D:10     | Reached skill level 1 in Polearms
 10186 | D:10     | Noticed a two-headed ogre
 10611 | D:10     | Killed a two-headed ogre
 10773 | D:10     | Reached skill level 10 in Dodging
 11604 | D:11     | Noticed a purple ugly thing
 11954 | D:11     | Killed a purple ugly thing
 12005 | D:11     | HP: 2/81 [acid dragon (14)]
 12047 | D:11     | Noticed a green ugly thing
 12049 | D:11     | Noticed a cyclops
 12060 | D:11     | HP: 3/81 [something (12)]
 12061 | D:11     | Slain by a vampire

Vault maps used:
D:1:      minmay_arrival_wavy_path
D:2:      grunt_qazlal_sundering, kennysheep_boxes
D:3:      chequers_ecumenical_altar_simple
D:4:      serial_shops, shop, first_bread, uniq_robin
D:6:      minitemple, elyvilon_altar_4, minmay_temple_entry_butterflies,
          uniq_edmund, uniq_grinder
D:7:      lemuel_round_altar, serial_shops, shop_statue,
          grunt_decor_mini_mirrors, uniq_duvessa, uniq_joseph, uniq_pikel
D:8:      serial_undead, serial_undead_e, serial_undead_b, serial_undead_d,
          serial_undead_c, uniq_psyche
D:9:      lemuel_doored_altar, orc_0_dummy, serial_shops, nicolae_shop_stone,
          hangedman_little_slice_of_home
D:10:     serial_shops, shop, shop, shop, shop, nicolae_shop_stone, st_stairs_10
D:11:     minmay_quarter_circles, grunt_lair_entry_orc_guard_hut

Skill      XL: |  1  2  3  4  5  6  7  8  9 10 11 |
---------------+----------------------------------+-----
Stealth        | 2 3 |  3.3
Fighting       | 2 3 4 5 6 7 9 |  9.8
Dodging        | 3 4 5 6 8 9 10 | 10.2
Invocations    | 1 2 3 5 6 8 9 10 | 10.6
Slings         | 2 |  2.8
Maces & Flails | 4 |  4.6
Polearms       | 4 |  4.1
Short Blades   | |  1.0
Evocations     | |  3.2

Action                   |  1- 3 |  4- 6 |  7- 9 | 10-12 || total
-------------------------+-------+-------+-------+-------++-------
Melee: Short sword       |     7 |       |       |       ||     7
       Constrict         |    17 |    26 |    64 |    47 ||   154
       Tentacles         |    10 |    17 |    58 |    92 ||   177
       Mace              |    60 |   110 |   260 |    60 ||   490
       Hand axe          |     2 |       |       |       ||     2
       Morningstar       |       |       |       |   131 ||   131
       Spear             |       |       |       |   154 ||   154
 Fire: Hunting sling     |       |       |       |     4 ||     4
 Cast: Animate Skeleton  |       |       |       |     2 ||     2
Invok: Upheaval          |       |       |       |     6 ||     6
Evoke: Wand              |       |     3 |    34 |    14 ||    51
  Use: Potion            |       |       |     9 |     5 ||    14
       Scroll            |       |       |     1 |    20 ||    21
 Stab: Sleeping          |    13 |       |       |       ||    13
       Paralysed         |       |       |     7 |       ||     7
  Eat: Chunk             |       |     7 |    14 |    17 ||    38
       Royal jelly       |       |       |     1 |     1 ||     2
Armor: Skin              |    22 |    30 |    47 |    13 ||   112
Dodge: Dodged            |    57 |   106 |   257 |   297 ||   717
       Deflected         |       |       |     1 |     4 ||     5
Block: Other             |     1 |    13 |    58 |    94 ||   166
